 Dungeon Crawl Stone Soup version 0.22.0-36-g8e74550d25 (webtiles) character file.

12460 ciphuk the Fighter (level 11, -7/110 HPs)
             Began as a Naga Fighter on Aug 24, 2018.
             Was a Priest of Cheibriados.
             Mangled by a war gargoyle
             ... wielding a +0 great mace
              (25 damage)
             ... on level 12 of the Dungeon.
             The game lasted 00:26:16 (11569 turns).

ciphuk the Fighter (Naga Fighter)                  Turns: 11569, Time: 00:26:16

Health: -7/110     AC: 19    Str: 30    XL:     11   Next: 93%
Magic:  12/17      EV: 13    Int: 24    God:    Cheibriados [***...]
Gold:   442        SH: 14    Dex: 18    Spells: 10/10 levels left

rFire    + . .     SeeInvis +     - Unarmed
rCold    . . .     Gourm    .   D - +2 shield {AC+3}
rNeg     . . .     Faith    .   L - +3 leather armour "Icvana" {*Slow MR+++ Int+4}
rPois    +         Spirit   .   g - +1 helmet {Int+3}
rElec    .         Reflect  .   e - +0 cloak
rCorr    .         Harm     .   (no gloves)
MR       ++++.                  o - +0 naga barding
Stlth    +.........             (no amulet)
HPRegen  0.28/turn              b - ring of protection from fire
MPRegen  0.15/turn              l - +3 ring of evasion

@: hasted, very slow
A: large, see invisible, deformed body, poison resistance, slowness 2, slow
metabolism 1, spit poison 1, AC +3
a: Spit Poison, Bend Time, Temporal Distortion, Renounce Religion


You were on level 12 of the Dungeon.
You worshipped Cheibriados.
Cheibriados was most pleased with you.
You were hungry.

You visited 2 branches of the dungeon, and saw 13 of its levels.

You collected 656 gold pieces.
You spent 214 gold pieces at shops.

Inventory:

Missiles
 K - 10 tomahawks (quivered)
Armour
 e - a +0 cloak (worn)
 g - a +1 helmet of intelligence (worn)
 o - a +0 naga barding (worn)
 D - a +2 shield of protection (worn)
 F - a +1 chain mail of fire resistance
 L - the +3 leather armour "Icvana" (worn) {*Slow MR+++ Int+4}
   (You found it on level 8 of the Dungeon)

   It affects your intelligence (+4).
   It affects your resistance to hostile enchantments.
   It may slow you when you take damage.
Jewellery
 b - a ring of protection from fire (left hand)
 l - a +3 ring of evasion (right hand)
 r - an uncursed ring of resist corrosion {unknown}
 y - an uncursed ring of fire
 M - a +3 ring of intelligence
Wands
 a - a wand of clouds (2)
 m - a wand of iceblast (16)
 n - a wand of scattershot (5)
 G - a wand of disintegration (10)
 H - a wand of paralysis (9)
 I - a wand of enslavement (22)
Scrolls
 h - 7 scrolls of teleportation
 i - 11 scrolls of identify
 j - 2 scrolls of enchant armour
 k - a scroll of amnesia
 q - 2 scrolls of magic mapping
 t - 2 scrolls of fog {unknown}
 x - a scroll of enchant weapon {unknown}
 B - 5 scrolls of remove curse
 C - a scroll of random uselessness {unknown}
 E - 3 scrolls of immolation {unknown}
 J - a scroll of holy word
 N - a scroll of summoning {unknown}
Potions
 c - a potion of might
 f - 4 potions of curing
 p - 2 potions of heal wounds {unknown}
 s - 2 potions of degeneration {unknown}
 u - a potion of mutation {unknown}
 v - a potion of flight {unknown}
 A - 3 potions of brilliance {unknown}
Comestibles
 d - 20 rations


   Skills:
 - Level 10.6 Fighting
 - Level 2.4 Armour
 - Level 5.3 Dodging
 - Level 6.0 Shields
 - Level 10.4 Unarmed Combat
 + Level 8.4 Invocations


You had 10 spell levels left.
You didn't know any spells.
Your spell library contained the following spells:

 Spells                   Type           Power        Failure   Level  Hunger
 Confusing Touch          Hex            #.....       30%         1    ##.....
 Confuse                  Hex            #.......     67%         3    ####...
 Gell's Gravitas          Tloc           #.........   67%         3    ####...
 Petrify                  Tmut/Erth      #.......     97%         4    #####..
 Metabolic Englaciation   Hex/Ice        #.........   100%        5    ######.
 Yara's Violent Unravell  Hex/Tmut       #.........   100%        5    ######.


Dungeon Overview and Level Annotations

Branches:
Dungeon (12/15)            Temple (1/1) D:4            Lair (0/6) D:10
    Orc (0/2) D:9

Altars:
Ashenzari
Cheibriados
Dithmenos
Elyvilon
Fedhas
Gozag
Hepliaklqana
Kikubaaqudgha
Makhleb
Nemelex Xobeh
Okawaru
Qazlal
Ru
Sif Muna
Trog
Uskayaw
Vehumet
Wu Jian
Xom
Yredelemnul
Zin
The Shining One

Shops:
D:8 [

Annotations:
D:4 1 runed door, Yermak's ghost, weakling VSEE
D:11 3 runed doors, Syrinius's ghost, journeyman DrSu


Innate Abilities, Weirdness & Mutations

You cannot wear boots.
Your serpentine skin is tough. (AC +3)
You have supernaturally acute eyesight. (SInv)
Armour fits poorly on your strangely shaped body.
Your system is resistant to poisons. (rPois)
You cover ground very slowly.
You have a slow metabolism.
You can spit poison.


Message History

The war gargoyle hits you with a great mace!
* * * LOW HITPOINT WARNING * * *
You hit the war gargoyle but do no damage.
The war gargoyle is lightly damaged.
You are feeling hungry.
The war gargoyle hits you with a great mace.
* * * LOW HITPOINT WARNING * * *
You can feel time thicken for a moment.
You feel somewhat more hungry.
You can no longer inflict damage on those overly hasty.
Cheibriados lowers the support of your attributes as your movement quickens.
Okay, then.
You hit the war gargoyle.
The war gargoyle is almost destroyed.
You block the war gargoyle's attack.
Your shield prevents you from hitting the war gargoyle.
The war gargoyle is almost destroyed.
You hit the war gargoyle but do no damage.
The war gargoyle is almost destroyed.
The war gargoyle hits you with a great mace!!
You die...

#.# 8.8 #.#
8.8 ##.##
8.8 ##9##
#8@8# ##.##
#8.8# ##.##
#8.8#
##...##
##8...8##
##.......##
#8...<...8#


You could see a war gargoyle.

Vanquished Creatures
  A two-headed ogre (D:8)
  4 skeletal warriors (D:11)
  An ugly thing (D:11)
  A centaur zombie (D:10)
  A kobold demonologist (D:11)
  An efreet (D:10)
  2 hippogriffs
  14 yaks
  A shadow (D:11)
  A hungry ghost (D:10)
  2 wraiths (D:7)
  3 wargs (D:10)
  3 water moccasins
  4 orc warriors
  2 eyes of draining
  3 sky beasts
  2 phantoms
  5 ogres
  A necrophage (D:9)
  2 centaurs
  7 bullfrogs
  3 scorpions
  A troll zombie (D:7)
  13 wights
  6 killer bees (D:11)
  6 howler monkeys
  2 crimson imps
  3 jellies
  2 hounds
  5 human zombies (D:7)
  2 orc priests (D:10)
  A bullfrog skeleton (D:10)
  A centaur skeleton (D:4)
  2 iguanas
  Natasha (thrice) (D:4)
  A human skeleton (D:7)
  9 orc wizards
  8 worker ants
  A hound zombie (D:8)
  2 hound skeletons
  3 mummies (D:7)
  6 gnolls
  A howler monkey skeleton (D:11)
  16 adders
  A shadow imp (D:10)
  3 worms
  4 dart slugs
  2 leopard geckos
  24 orcs
  2 ball pythons (D:2)
  3 giant cockroaches
  5 goblins
  6 hobgoblins
  A jackal (D:2)
  5 kobolds
  6 quokkas
  A ball python skeleton (D:5)
  6 bats
  2 frilled lizards
  A jackal skeleton (D:6)
  A quokka skeleton (D:4)
  A rat (D:1)
232 creatures vanquished.

Vanquished Creatures (others)
  An orc (D:10)
1 creature vanquished.

Grand Total: 233 creatures vanquished

Notes
Turn   | Place    | Note
-------+----------+-------------------------------------------
     0 | D:1      | ciphuk the Naga Fighter began the quest for the Orb.
     0 | D:1      | Reached XP level 1. HP: 21/21 MP: 1/1
    55 | D:1      | Reached XP level 2. HP: 25/28 MP: 2/2
   556 | D:1      | Reached XP level 3. HP: 34/34 MP: 3/3
  1315 | D:2      | Reached XP level 4. HP: 27/44 MP: 4/4
  2298 | D:4      | Noticed Natasha
  2471 | D:4      | Reached XP level 5. HP: 49/51 MP: 5/5
  2501 | D:4      | Noticed an ogre
  2520 | D:4      | Killed an ogre
  2520 | D:4      | Reached skill level 5 in Fighting
  2520 | D:4      | Reached XP level 6. HP: 36/61 MP: 6/6
  2809 | D:4      | Killed Natasha
  2856 | D:4      | Found a runed door.
  2856 | D:4      | Noticed Yermak's ghost (weakling VSEE)
  2928 | D:4      | Reached skill level 5 in Unarmed Combat
  2941 | D:4      | Found a burning altar of Makhleb.
  2941 | D:4      | Found a shattered altar of Ashenzari.
  3009 | D:4      | Found a deep blue altar of Sif Muna.
  3090 | D:4      | Found a staircase to the Ecumenical Temple.
  3125 | D:4      | Noticed Natasha
  3136 | D:4      | Killed Natasha
  3177 | Temple   | Entered the Ecumenical Temple
  3423 | Temple   | Became a worshipper of Cheibriados the Contemplative
  3578 | D:4      | Noticed Natasha
  3591 | D:4      | Killed Natasha
  3645 | D:5      | Entered Level 5 of the Dungeon
  3755 | D:5      | Found a sacrificial altar of Ru.
  4187 | D:6      | Reached XP level 7. HP: 66/68 MP: 7/7
  4445 | D:6      | Found a white marble altar of Elyvilon.
  4450 | D:6      | Found a hazy altar of Hepliaklqana.
  4456 | D:6      | Found a bloodstained altar of Trog.
  4731 | D:7      | Reached XP level 8. HP: 76/78 MP: 8/8
  4845 | D:7      | Reached * piety under Cheibriados
  4974 | D:7      | Noticed a wraith
  5001 | D:7      | Killed a wraith
  5333 | D:7      | Found a basalt altar of Yredelemnul.
  5367 | D:7      | Noticed a wraith
  5383 | D:7      | Killed a wraith
  5700 | D:7      | Reached XP level 9. HP: 89/90 MP: 9/9
  6139 | D:8      | Noticed a two-headed ogre
  6155 | D:8      | Killed a two-headed ogre
  6343 | D:8      | Reached ** piety under Cheibriados
  6348 | D:8      | Got a warped leather armour
  6366 | D:8      | Identified the +3 leather armour "Icvana" {*Slow MR+++ Int+4} (You found it on level 8 of the Dungeon)
  6786 | D:8      | Found a stormy altar of Qazlal.
  6834 | D:8      | Found Keimuser's Armour Emporium.
  6841 | D:8      | Bought a +1 shield of protection for 214 gold pieces
  6991 | D:8      | Reached skill level 10 in Fighting
  7001 | D:8      | Reached skill level 10 in Unarmed Combat
  7001 | D:8      | Reached XP level 10. HP: 87/102 MP: 10/10
  8066 | D:9      | Reached skill level 1 in Dodging
  8072 | D:9      | Found a staircase to the Orcish Mines.
  8216 | D:9      | Reached *** piety under Cheibriados
  8557 | D:10     | Entered Level 10 of the Dungeon
  9029 | D:10     | Found a staircase to the Lair.
  9421 | D:10     | Reached **** piety under Cheibriados
  9629 | D:10     | Reached skill level 5 in Shields
  9635 | D:10     | Reached XP level 11. HP: 103/110 MP: 11/11
  9966 | D:10     | Reached skill level 5 in Dodging
 10167 | D:11     | Noticed a red ugly thing
 10182 | D:11     | Killed a red ugly thing
 10182 | D:11     | Reached ***** piety under Cheibriados
 10268 | D:11     | Reached skill level 1 in Invocations
 10291 | D:11     | Noticed a skeletal warrior
 10297 | D:11     | Noticed a skeletal warrior
 10311 | D:11     | Killed a skeletal warrior
 10328 | D:11     | Killed a skeletal warrior
 10336 | D:11     | Noticed a skeletal warrior
 10383 | D:11     | Killed a skeletal warrior
 10383 | D:11     | Reached skill level 5 in Invocations
 10482 | D:11     | Noticed a skeletal warrior
 10496 | D:11     | Killed a skeletal warrior
 10746 | D:11     | Found a runed gate.
 10746 | D:11     | Found a runed gate.
 10746 | D:11     | Found a runed gate.
 10752 | D:11     | Noticed Syrinius's ghost (journeyman DrSu)
 11558 | D:12     | Noticed a war gargoyle
 11569 | D:12     | Mangled by a war gargoyle

Skill      XL: |  1  2  3  4  5  6  7  8  9 10 11 |
---------------+----------------------------------+-----
Unarmed Combat | 3 4 5 6 8 10 | 10.4
Fighting       | 4 5 6 8 10 | 10.6
Dodging        | 4 5 |  5.3
Shields        | 5 6 |  6.0
Invocations    | 8 |  8.4
Armour         | |  2.4

Action                   |  1- 3 |  4- 6 |  7- 9 | 10-12 || total
-------------------------+-------+-------+-------+-------++-------
Melee: Unarmed           |   141 |   195 |   400 |   450 ||  1186
Invok: Slouch            |       |       |       |     5 ||     5
 Abil: Spit Poison       |     6 |    11 |     7 |     9 ||    33
Evoke: Wand              |       |       |     1 |     4 ||     5
  Use: Potion            |       |     1 |       |     6 ||     7
       Scroll            |       |       |     3 |    14 ||    17
 Stab: Paralysed         |       |       |     4 |     5 ||     9
       Sleeping          |       |       |       |     1 ||     1
       Invisible         |       |       |       |     5 ||     5
       Distracted        |       |       |       |     1 ||     1
  Eat: Chunk             |       |     6 |     7 |    11 ||    24
       Ration            |       |     1 |       |       ||     1
Armor: Scale mail        |    99 |    93 |   123 |       ||   315
       Leather armour    |       |       |    40 |   121 ||   161
Dodge: Dodged            |    35 |    59 |    81 |   150 ||   325
Block: Shield            |    77 |    69 |   154 |   263 ||   563
